3AAA
HAMILTON COYOTES @ BLOOMINGTON LONGNECKS
09/01/2028
 
TOP OF THE 1ST
Hamilton Coyotes batting - Pitching for Bloomington Longnecks : RHP Pedro Lara
Pitching: RHP Pedro Lara
Batting: RHB Juanito González 0-0: Ball
1-0: Foul Ball, location: 2F
1-1: Called Strike
1-2: Ball
2-2: Strikes out swinging
Batting: RHB Rodrigo Pagán 0-0: Foul Ball, location: 2F
0-1: Bunted foul
0-2: Ball
1-2: Fly out, F9 (Line Drive, 9D)
Batting: RHB Noel Wells 0-0: Called Strike
0-1: Ball
1-1: SINGLE (Groundball, 6D)
Batting: RHB Jeffery Campbell 0-0: Ball
1-0: Ball
2-0: Ground out 5-3 (Groundball, 56S)
Top of the 1st over - 0 run(s), 1 hit(s), 0 error(s), 1 left on base; Hamilton 0 - Bloomington 0
BOTTOM OF THE 1ST
Bloomington Longnecks batting - Pitching for Hamilton Coyotes : RHP Manny Castro
Pitching: RHP Manny Castro
Batting: RHB Gabrio Campoverde 0-0: Ball
1-0: Called Strike
1-1: Foul Ball, location: 2F
1-2: Ball
2-2: Fly out, F7 (Line Drive, 7LM)
Batting: RHB Carlos Cardona 0-0: Called Strike
0-1: Ground out 6-3 (Groundball, 6)
Batting: LHB Shahid Afridi 0-0: Called Strike
0-1: Called Strike
0-2: Strikes out swinging
Bottom of the 1st over - 0 run(s), 0 hit(s), 0 error(s), 0 left on base; Hamilton 0 - Bloomington 0
TOP OF THE 2ND
Hamilton Coyotes batting - Pitching for Bloomington Longnecks : RHP Pedro Lara
Batting: LHB Andrés Chávez 0-0: Ball
1-0: Swinging Strike
1-1: Ball
2-1: Swinging Strike
2-2: Foul Ball, location: 2F
2-2: Foul Ball, location: 2F
2-2: Foul Ball, location: 2F
2-2: Strikes out looking
Batting: SHB Al Anderson 0-0: Foul Ball, location: 2F
0-1: Ball
1-1: Ball
2-1: DOUBLE (Line Drive, 78XD)
Batting: RHB Robbie Roach 0-0: Ball
1-0: Fly out, F8 (Flyball, 8RD)
Batting: RHB Elia Amberezzio 0-0: Ball
1-0: Ball
2-0: Foul Ball, location: 2F
2-1: Ball
3-1: Foul Ball, location: 2F
3-2: Base on Balls
Batting: LHB Ruben Yim 0-0: Ground out 3-1 (Groundball, 34)
Top of the 2nd over - 0 run(s), 1 hit(s), 0 error(s), 2 left on base; Hamilton 0 - Bloomington 0
BOTTOM OF THE 2ND
Bloomington Longnecks batting - Pitching for Hamilton Coyotes : RHP Manny Castro
Batting: LHB Luis Velázquez 0-0: Ball
1-0: Foul Ball, location: 2F
1-1: Ground out 1-3 (Groundball, 15S)
Batting: SHB Eddie Ménard 0-0: Ball
1-0: Ball
2-0: SOLO HOME RUN (Flyball, 9D), Distance : 350 ft
Batting: LHB Shang-de Zhang 0-0: Ball
1-0: Ground out 1-3 (Groundball, 15S)
Batting: RHB Sean Davis 0-0: Ball
1-0: Foul Ball, location: 2F
1-1: Ball
2-1: Called Strike
2-2: Strikes out swinging
Bottom of the 2nd over - 1 run(s), 1 hit(s), 0 error(s), 0 left on base; Hamilton 0 - Bloomington 1
TOP OF THE 3RD
Hamilton Coyotes batting - Pitching for Bloomington Longnecks : RHP Pedro Lara
Batting: RHB Juanito González 0-0: Ball
1-0: Ball
2-0: Called Strike
2-1: Swinging Strike
2-2: Foul Ball, location: 2F
2-2: Foul Ball, location: 2F
2-2: Strikes out looking
Batting: RHB Rodrigo Pagán 0-0: Swinging Strike
0-1: Ball
1-1: Ball
2-1: Foul Ball, location: 2F
2-2: Ball
3-2: Base on Balls
Batting: RHB Noel Wells 0-0: Ball
1-0: Ball
2-0: Called Strike
2-1: Ball
3-1: Called Strike
3-2: Ground out 6-3 (Groundball, 6)
Rodrigo Pagán to second
Batting: RHB Jeffery Campbell 0-0: Foul Ball, location: 2F
0-1: Ground out 6-3 (Groundball, 6)
Top of the 3rd over - 0 run(s), 0 hit(s), 0 error(s), 1 left on base; Hamilton 0 - Bloomington 1
BOTTOM OF THE 3RD
Bloomington Longnecks batting - Pitching for Hamilton Coyotes : RHP Manny Castro
Batting: SHB Benedict Patel 0-0: Ball
1-0: Foul Ball, location: 2F
1-1: Ground out 4-3 (Groundball, 4)
Batting: RHB Dave Farr 0-0: Ball
1-0: Foul Ball, location: 2F
1-1: Ball
2-1: Ball
3-1: Ground out 5-3 (Groundball, 56S)
Batting: RHB Gabrio Campoverde 0-0: Fly out, F9 (Flyball, 9S)
Bottom of the 3rd over - 0 run(s), 0 hit(s), 0 error(s), 0 left on base; Hamilton 0 - Bloomington 1
TOP OF THE 4TH
Hamilton Coyotes batting - Pitching for Bloomington Longnecks : RHP Pedro Lara
Batting: LHB Andrés Chávez 0-0: Foul Ball, location: 2F
0-1: Foul Ball, location: 2F
0-2: Strikes out swinging
Batting: SHB Al Anderson 0-0: Ball
1-0: SINGLE (Groundball, 23) (infield hit)
Batting: RHB Robbie Roach 0-0: Ball
1-0: Ball
2-0: Ball
3-0: Base on Balls
Al Anderson to second
Batting: RHB Elia Amberezzio 0-0: Ground out 5-3 (Groundball, 56S)
Al Anderson to third
Robbie Roach to second
Batting: LHB Ruben Yim 0-0: Ball
1-0: Foul Ball, location: 2F
1-1: Swinging Strike
1-2: Ball
2-2: Ball
3-2: Base on Balls
Batting: RHB Juanito González 0-0: Called Strike
0-1: Called Strike
0-2: Strikes out swinging
Top of the 4th over - 0 run(s), 1 hit(s), 0 error(s), 3 left on base; Hamilton 0 - Bloomington 1
BOTTOM OF THE 4TH
Bloomington Longnecks batting - Pitching for Hamilton Coyotes : RHP Manny Castro
Batting: RHB Carlos Cardona 0-0: Foul Ball, location: 2F
0-1: Foul Ball, location: 2F
0-2: Ball
1-2: Fly out, F8 (Flyball, 8RS)
Batting: LHB Shahid Afridi 0-0: Called Strike
0-1: Ball
1-1: Swinging Strike
1-2: Ground out U3 (Groundball, 3)
Batting: LHB Luis Velázquez 0-0: Ball
1-0: Called Strike
1-1: Fly out, F7 (Flyball, 7)
Bottom of the 4th over - 0 run(s), 0 hit(s), 0 error(s), 0 left on base; Hamilton 0 - Bloomington 1
TOP OF THE 5TH
Hamilton Coyotes batting - Pitching for Bloomington Longnecks : RHP Pedro Lara
Batting: RHB Rodrigo Pagán 0-0: Foul Ball, location: 2F
0-1: Foul Ball, location: 2F
0-2: Ball
1-2: Strikes out swinging
Batting: RHB Noel Wells 0-0: Ball
1-0: Called Strike
1-1: Ball
2-1: Ball
3-1: Base on Balls
Batting: RHB Jeffery Campbell 0-0: Ball
1-0: Ball
2-0: Ground out 5-3 (Groundball, 56S)
Noel Wells to second
Batting: LHB Andrés Chávez 0-0: Ground out U3 (Groundball, 34S)
Top of the 5th over - 0 run(s), 0 hit(s), 0 error(s), 1 left on base; Hamilton 0 - Bloomington 1
BOTTOM OF THE 5TH
Bloomington Longnecks batting - Pitching for Hamilton Coyotes : RHP Manny Castro
Batting: SHB Eddie Ménard 0-0: Ball
1-0: Ball
2-0: Ball
3-0: Called Strike
3-1: Base on Balls
Batting: LHB Shang-de Zhang 0-0: Ball
1-0: Bunt missed!
1-1: Bunt missed!
1-2: Ball
2-2: Ball
3-2: DOUBLE (Flyball, 8RXD)
Eddie Ménard to third
Eddie Ménard scores
Batting: RHB Sean Davis 0-0: Foul Ball, location: 2F
0-1: Ball
1-1: Ball
2-1: Ball
3-1: Foul Ball, location: 2F
3-2: Strikes out swinging
Batting: SHB Benedict Patel 0-0: Called Strike
0-1: Ball
1-1: Foul Ball, location: 2F
1-2: 2-RUN HOME RUN (Flyball, 9D), Distance : 342 ft
Batting: RHB Dave Farr 0-0: Called Strike
0-1: Called Strike
0-2: Ball
1-2: Foul Ball, location: 2F
1-2: Ball
2-2: Ground out 5-3 (Groundball, 56)
Batting: RHB Gabrio Campoverde 0-0: Ball
1-0: Called Strike
1-1: Ball
2-1: Foul Ball, location: 2F
2-2: Fly out, F9 (Flyball, 9)
Bottom of the 5th over - 3 run(s), 2 hit(s), 0 error(s), 0 left on base; Hamilton 0 - Bloomington 4
TOP OF THE 6TH
Hamilton Coyotes batting - Pitching for Bloomington Longnecks : RHP Pedro Lara
Batting: SHB Al Anderson 0-0: Ball
1-0: Swinging Strike
1-1: Fly out, F2 (Popup, 25)
Batting: RHB Robbie Roach 0-0: Called Strike
0-1: Called Strike
0-2: Strikes out swinging
Batting: RHB Elia Amberezzio 0-0: SINGLE (Line Drive, 6)
Batting: LHB Ruben Yim 0-0: Called Strike
Elia Amberezzio steals 2nd base
0-1: Called Strike
0-2: Ball
1-2: Ball
2-2: Ball
3-2: Strikes out swinging
Top of the 6th over - 0 run(s), 1 hit(s), 0 error(s), 1 left on base; Hamilton 0 - Bloomington 4
BOTTOM OF THE 6TH
Bloomington Longnecks batting - Pitching for Hamilton Coyotes : RHP Manny Castro
Batting: RHB Carlos Cardona 0-0: Ball
1-0: Ball
2-0: Ball
3-0: Base on Balls
Batting: LHB Shahid Afridi 0-0: Foul Ball, location: 2F
0-1: Ball
1-1: Foul Ball, location: 2F
1-2: Ball
2-2: Strikes out swinging
Batting: LHB Luis Velázquez 0-0: Ball
1-0: Called Strike
1-1: Grounds into double play, 5-4-3 (Groundball, 56)
Bottom of the 6th over - 0 run(s), 0 hit(s), 0 error(s), 0 left on base; Hamilton 0 - Bloomington 4
TOP OF THE 7TH
Hamilton Coyotes batting - Pitching for Bloomington Longnecks : RHP Pedro Lara
Batting: RHB Juanito González 0-0: Called Strike
0-1: Ball
1-1: Ball
2-1: Ball
3-1: Foul Ball, location: 2F
3-2: Ground out 6-3 (Groundball, 6)
Batting: RHB Rodrigo Pagán 0-0: Ball
1-0: Foul Ball, location: 2F
1-1: SINGLE (Line Drive, 89S)
Batting: RHB Noel Wells 0-0: Ball
1-0: Ball
2-0: Called Strike
Rodrigo Pagán steals 2nd base
2-1: Ball
3-1: Base on Balls
Pitching: RHP Nick Taylor
Batting: RHB Jeffery Campbell 0-0: Ball
Rodrigo Pagán is caught stealing 3rd base
Noel Wells to second
1-0: Fly out, F4 (Popup, 34D)
Top of the 7th over - 0 run(s), 1 hit(s), 0 error(s), 1 left on base; Hamilton 0 - Bloomington 4
BOTTOM OF THE 7TH
Bloomington Longnecks batting - Pitching for Hamilton Coyotes : RHP Manny Castro
Batting: SHB Eddie Ménard 0-0: SOLO HOME RUN (Flyball, 8LXD), Distance : 425 ft
Batting: LHB Shang-de Zhang 0-0: Ball
1-0: Ball
2-0: Foul Ball, location: 2F
2-1: Called Strike
2-2: Ball
3-2: Base on Balls
Batting: RHB Sean Davis 0-0: Called Strike
0-1: Ground out 6-3 (Groundball, 6S)
Shang-de Zhang to second
Batting: SHB Benedict Patel 0-0: Called Strike
0-1: TRIPLE (Line Drive, 9LM)
Shang-de Zhang scores
Batting: RHB Dave Farr 0-0: Called Strike
0-1: Ball
1-1: Ground out 6-3 (Groundball, 6)
Benedict Patel scores
Batting: RHB Gabrio Campoverde 0-0: Ball
1-0: Fly out, F8 (Flyball, 8LD)
Bottom of the 7th over - 3 run(s), 2 hit(s), 0 error(s), 0 left on base; Hamilton 0 - Bloomington 7
TOP OF THE 8TH
Hamilton Coyotes batting - Pitching for Bloomington Longnecks : RHP Nick Taylor
Now in LF: Darrell Terwey
Batting: LHB Andrés Chávez 0-0: Foul Ball, location: 2F
0-1: Ball
1-1: Swinging Strike
1-2: Fly out, F4 (Popup, 34)
Batting: SHB Al Anderson 0-0: Foul Ball, location: 2F
0-1: Swinging Strike
0-2: Ball
1-2: Ball
2-2: Foul Ball, location: 2F
2-2: Foul Ball, location: 2F
2-2: Strikes out swinging
Batting: RHB Robbie Roach 0-0: Called Strike
0-1: Ball
1-1: Called Strike
1-2: Strikes out swinging
Top of the 8th over - 0 run(s), 0 hit(s), 0 error(s), 0 left on base; Hamilton 0 - Bloomington 7
BOTTOM OF THE 8TH
Bloomington Longnecks batting - Pitching for Hamilton Coyotes : RHP Manny Castro
Batting: RHB Carlos Cardona 0-0: Reached on error, E4 (Groundball, 4)
Batting: LHB Shahid Afridi 0-0: Grounds into double play, 6-4-3 (Groundball, 6)
Batting: LHB Luis Velázquez 0-0: Ball
1-0: Ball
2-0: Swinging Strike
2-1: Ball
3-1: Base on Balls
Pitching: LHP Reynaldo Sánchez
Batting: SHB Eddie Ménard 0-0: Ball
1-0: Ball
2-0: Ball
3-0: Base on Balls
Luis Velázquez to second
Batting: LHB Shang-de Zhang 0-0: Foul Ball, location: 2F
0-1: Ball
Wild Pitch!
Luis Velázquez to third
Eddie Ménard to second
1-1: Ball
2-1: Ball
3-1: Base on Balls
Batting: RHB Sean Davis 0-0: Called Strike
0-1: Fly out, F8 (Flyball, 8LS)
Bottom of the 8th over - 0 run(s), 0 hit(s), 1 error(s), 3 left on base; Hamilton 0 - Bloomington 7
TOP OF THE 9TH
Hamilton Coyotes batting - Pitching for Bloomington Longnecks : RHP Nick Taylor
Now at 1B: Lee Charles
Batting: RHB Elia Amberezzio 0-0: Ball
1-0: Swinging Strike
1-1: Called Strike
1-2: Strikes out swinging
Batting: LHB Ruben Yim 0-0: Foul Ball, location: 2F
0-1: Foul Ball, location: 2F
0-2: Ball
1-2: Strikes out swinging
Batting: RHB Juanito González 0-0: Foul Ball, location: 2F
0-1: Ball
1-1: Called Strike
1-2: Ball
2-2: Foul Ball, location: 2F
2-2: Foul Ball, location: 2F
2-2: Strikes out swinging
Top of the 9th over - 0 run(s), 0 hit(s), 0 error(s), 0 left on base; Hamilton 0 - Bloomington 7
Thursday, August 31st, 2017 - OOTP Baseball 17.12 Build 75